 Dungeon Crawl Stone Soup version 0.29.1-12-g30fa7ad0bf (webtiles) character file.

Game seed: 13490652076342860368

214 KittyFluff the Covered (level 5, -4/33 HPs)
             Began as a Gargoyle Fighter on Dec 28, 2022.
             Slain by a gnoll sergeant
             ... wielding the +2 trident of Cyrghena {venom, rElec MP+9}
              (10 damage)
             ... on level 6 of the Dungeon.
             The game lasted 00:11:15 (2215 turns).

KittyFluff the Covered (Gargoyle Fighter)           Turns: 2215, Time: 00:11:15

Health: -4/33      AC: 11    Str: 19    XL:     5   Next: 92%
Magic:  5/5        EV: 10    Int:  9    God:
Gold:   93         SH:  4    Dex: 11    Spells: 4/4 levels left

rFire   . . .      SeeInvis .   a - +0 flail
rCold   . . .      Faith    .   c - +0 buckler
rNeg    + . .      Spirit   .   k - +0 ring mail
rPois   ∞          Reflect  .   (no helmet)
rElec   +          Harm     .   (no cloak)
rCorr   .          Rampage  .   h - +0 pair of gloves
Will    .....                   (no boots)
Stlth   +.........              (no amulet)
HPRegen 0.11/turn               (no ring)
MPRegen 0.09/turn               (no ring)

@: mighty
A: sickness immunity, AC +4, negative energy resistance 1, electricity
resistance, torment resistance 1, petrification resistance
a: no special abilities


You were on level 6 of the Dungeon.
You visited 1 branch of the dungeon, and saw 5 of its levels.

You collected 93 gold pieces.

Inventory:

Hand Weapons
 a - a +0 flail (weapon)
 u - a +0 shortbow
Missiles
 f - 9 stones (quivered)
 i - 5 poisoned darts
Armour
 b - a +0 scale mail
 c - a +0 buckler (worn)
 h - a +0 pair of gloves (worn)
 k - a +0 ring mail (worn)
 r - a +0 leather armour
Magical Staves
 l - a staff of air
Scrolls
 g - a scroll of butterflies {unknown}
 j - 2 scrolls of poison {unknown}
 m - a scroll of magic mapping {unknown}
 n - a scroll of vulnerability {unknown}
 p - 2 scrolls of identify {unknown}
 q - a scroll of teleportation {unknown}
 s - a scroll of blinking {unknown}
 t - a scroll of acquirement {unknown}
Potions
 e - 2 potions of curing
 o - a potion of mutation {unknown}


   Skills:
 + Level 3.8 Fighting
 + Level 3.4 Maces & Flails
 + Level 0.4 Throwing
 * Level 5.0 Armour
 + Level 0.6 Dodging
 + Level 0.1 Stealth
 * Level 4.0 Shields


You had 4 spell levels left.
You didn't know any spells.
Your spell library contained the following spells:

 Spells                   Type           Power      Damage    Failure   Level
 Magic Dart               Conj           0%         1d3       65%         1
 Searing Ray              Conj           0%         2d4       78%         2
 Fulminant Prism          Conj/Hex       0%         3d6       100%        4


Dungeon Overview and Level Annotations

Branches:
Dungeon (7/15)
 Temple: D:4-7

Altars:


Innate Abilities, Weirdness & Mutations

You are immune to sickness and miasma.
Your stone body is resilient. (AC +4)
You are immune to poison.
You resist negative energy. (rN+)
You are resistant to electric shocks. (rElec)
You are resistant to unholy torment.
You are immune to petrification.


Message History

The gnoll sergeant attacks as you move away!
The gnoll sergeant barely misses you.
An orc comes into view. It is wielding a +0 hand axe.
The orc shouts!
The gnoll sergeant hits you but does no damage.
Items here: )) [ †.
The gnoll sergeant closely misses you.
There is a stone staircase leading down here.
You sock the gnoll sergeant!
The gnoll sergeant is moderately wounded.
You block the gnoll sergeant's attack.
You barely miss the gnoll sergeant.
The gnoll sergeant is moderately wounded.
The gnoll sergeant closely misses you.
The gnoll sergeant hits you with the +2 trident of Cyrghena {venom, rElec MP+9}.
You closely miss the gnoll sergeant.
The gnoll sergeant is moderately wounded.
The orc closely misses you.
The gnoll sergeant hits you with the +2 trident of Cyrghena {venom, rElec MP+9}!
You hit the gnoll sergeant.
The gnoll sergeant is moderately wounded.
You block the orc's attack.
The gnoll sergeant hits you with the +2 trident of Cyrghena {venom, rElec MP+9}.
You barely miss the orc. You block the gnoll sergeant's attack.
The orc hits you but does no damage.
The gnoll sergeant hits you but does no damage.
A gnoll comes into view. It is wielding a +0 spear.
The orc hits you with a +0 hand axe.
* * * LOW HITPOINT WARNING * * *
The gnoll shouts!
You sock the orc!
You kill the orc!
The gnoll sergeant hits you with the +2 trident of Cyrghena {venom, rElec MP+9}.
* * * LOW HITPOINT WARNING * * *
You closely miss the gnoll sergeant.
The gnoll sergeant is moderately wounded.
You block the gnoll sergeant's attack.
The gnoll sergeant attacks as you move away!
The gnoll sergeant hits you with the +2 trident of Cyrghena {venom, rElec MP+9}!
You die...

.# .# .# o#
.# .#
#########.#
#.ggggg@).#
#.#########
#.#
##########g#
..g.......g#
.###########
.# .# .#


You could see a gnoll sergeant and 4 gnolls.

Vanquished Creatures
  A centaur (D:6)
  A wight (D:6)
  A gnoll (D:1)
  An adder (D:2)
  4 dart slugs
  2 orcs (D:6)
  6 endoplasms
  6 hobgoblins
  3 jackals (D:1)
  4 kobolds
  2 quokkas (D:1)
  3 ball pythons
  8 bats
  6 frilled lizards
  5 goblins
  6 rats
59 creatures vanquished.

Notes
Turn   | Place    | Note
-------+----------+-------------------------------------------
     0 | D:1      | KittyFluff the Gargoyle Fighter began the quest for the
                  | Orb.
     0 | D:1      | Reached XP level 1. HP: 14/14 MP: 1/1
    55 | D:1      | Found a faded altar of an unknown god.
    90 | D:1      | Reached XP level 2. HP: 17/19 MP: 2/2
   330 | D:1      | Reached XP level 3. HP: 18/23 MP: 3/3
   388 | D:1      | Reached skill level 4 in Armour
  1424 | D:2      | Reached XP level 4. HP: 26/28 MP: 4/4
  1932 | D:3      | You fall into a shaft and drop 3 floors!
  1947 | D:6      | Noticed a centaur
  1959 | D:6      | Killed a centaur
  1960 | D:6      | Reached XP level 5. HP: 12/33 MP: 5/5
  2072 | D:6      | Identified the +2 trident of Cyrghena {venom, rElec MP+9}
  2205 | D:6      | Reached skill level 5 in Armour
  2215 | D:6      | Slain by a gnoll sergeant

Illustrated notes

Levels and vault maps discovered:
D:1:      dpeg_arrival_short_road, layout_basic, basic_ecumenical_altar
D:2:      layout_basic
D:3:      layout_rooms, trog_wizard
D:6:      layout_loops_ring, nicolae_alphabet_shops
D:7:      layout_cave_pods, serial_bayou_pond_e, nicolae_specific_store,
          uniq_duvessa

Skill      XL: |  1  2  3  4  5 |
---------------+----------------+-----
Armour         | 4 5 |  5.0
Maces & Flails | 3 |  3.4
Shields        | 4 |  4.0
Fighting       | |  3.8
Throwing       | |  0.4
Dodging        | |  0.6
Stealth        | |  0.1

Action                   |  1- 3 |  4- 6 || total
-------------------------+-------+-------++-------
Melee: Flail             |   101 |    55 ||   156
Throw: Stone             |    13 |    10 ||    23
  Use: Potion            |       |     2 ||     2
Armor: Scale mail        |     7 |       ||     7
       Ring mail         |    37 |    39 ||    76
Dodge: Dodged            |    43 |    36 ||    79
Block: Buckler           |    21 |    20 ||    41
